 Dungeon Crawl Stone Soup version 0.24.0-123-gd5b16e6ec5 (webtiles) character file.

Game seed: 8193314472307276139, levelgen mode: deterministic

175 Peloso the Covered (level 5, -11/47 HPs)
             Began as a Minotaur Fighter on Jan 8, 2020.
             Mangled by an orc warrior
             ... wielding a +0 glaive
              (17 damage)
             ... on level 3 of the Dungeon.
             The game lasted 00:03:26 (1838 turns).

Peloso the Covered (Minotaur Fighter)               Turns: 1838, Time: 00:03:27

Health: -11/47     AC:  9    Str: 21    XL:     5   Next: 29%
Magic:  4/4        EV:  5    Int:  5    God:
Gold:   167        SH:  9    Dex: 10    Spells: 4/4 levels left

rFire    . . .     SeeInvis .   a - +4 falchion (freeze)
rCold    . . .     Gourm    .   c - +0 shield
rNeg     . . .     Faith    .   j - +0 chain mail
rPois    .         Spirit   .   (helmet restricted)
rElec    .         Reflect  .   (no cloak)
rCorr    .         Harm     .   (no gloves)
MR       .....                  (no boots)
Stlth    ..........             (no amulet)
HPRegen  0.15/turn              (no ring)
MPRegen  0.09/turn              (no ring)

@: no status effects
A: retaliatory headbutt, horns 2
a: no special abilities


You were on level 3 of the Dungeon.
You were not hungry.

You visited 1 branch of the dungeon, and saw 3 of its levels.

You collected 167 gold pieces.

Inventory:

Hand Weapons
 a - a +4 falchion of freezing (weapon)
Armour
 b - a +0 scale mail
 c - a +0 shield (worn)
 j - a +0 chain mail (worn)
Scrolls
 d - a scroll of remove curse {unknown}
 e - 2 scrolls of fear {unknown}
 h - 4 scrolls of identify {unknown}
 i - 2 scrolls of teleportation {unknown}
 l - a scroll of enchant weapon {unknown}
 m - a scroll of enchant armour {unknown}
Potions
 k - a potion of invisibility {unknown}
Comestibles
 f - 6 rations
 g - 6 chunks of flesh


   Skills:
 + Level 4.3 Fighting
 + Level 3.7 Long Blades
 + Level 5.4 Armour
 + Level 0.3 Dodging
 + Level 4.5 Shields


You had 4 spell levels left.
You didn't know any spells.
Your spell library was empty.

Dungeon Overview and Level Annotations

Branches:
Dungeon (3/15)

Altars:
Kikubaaqudgha
Ru
The Shining One


Innate Abilities, Weirdness & Mutations

You reflexively headbutt those who attack you in melee.
You have a pair of horns on your head.


Message History

Your shield and chain mail prevent you from hitting the orc warrior.
You headbutt the orc warrior.
The orc warrior is moderately wounded.
You block the orc warrior's attack.
You hit the orc warrior. You freeze the orc warrior.
The orc warrior is heavily wounded.
The orc warrior hits you with a +0 glaive!
You hit the orc warrior. You freeze the orc warrior.
The orc warrior is heavily wounded.
The orc warrior hits you with a +0 glaive!
You hit the orc warrior. You freeze the orc warrior.
You headbutt the orc warrior, but do no damage.
The orc warrior is severely wounded.
The orc warrior hits you with a +0 glaive!
* * * LOW HITPOINT WARNING * * *
You closely miss the orc warrior.
You headbutt the orc warrior, but do no damage.
The orc warrior is severely wounded.
The orc warrior hits you with a +0 glaive!
You die...

#.# .# #.#
####.#
#.###....###.
#............
#####.######
#.# ## #)# ..
#.###.#
#$.@oo#
#######


You could see an orc warrior and an orc.

Vanquished Creatures
  Jessica (D:2)
  Terence (D:2)
  An orc wizard (D:3)
  2 adders
  4 worms
  3 dart slugs
  A leopard gecko (D:3)
  2 orcs (D:3)
  2 bats
  3 giant cockroaches
  9 hobgoblins
  8 jackals
  A quokka (D:2)
  3 frilled lizards
  8 goblins
  8 kobolds
  2 rats
59 creatures vanquished.

Notes
Turn   | Place    | Note
-------+----------+-------------------------------------------
     0 | D:1      | Peloso the Minotaur Fighter began the quest for the Orb.
     0 | D:1      | Reached XP level 1. HP: 19/19 MP: 0/0
    78 | D:1      | Reached XP level 2. HP: 26/27 MP: 1/1
   453 | D:1      | Reached skill level 4 in Armour
   779 | D:2      | Reached XP level 3. HP: 30/33 MP: 2/2
   797 | D:2      | Found a glowing golden altar of the Shining One.
   799 | D:2      | Found an ancient bone altar of Kikubaaqudgha.
   822 | D:2      | Noticed Terence
   842 | D:2      | Killed Terence
   932 | D:2      | Noticed Jessica
   938 | D:2      | Killed Jessica
   938 | D:2      | Reached XP level 4. HP: 23/40 MP: 3/3
  1243 | D:2      | Found a sacrificial altar of Ru.
  1621 | D:3      | Reached skill level 5 in Armour
  1633 | D:3      | Reached XP level 5. HP: 45/47 MP: 4/4
  1829 | D:3      | Noticed an orc warrior
  1838 | D:3      | Mangled by an orc warrior

Levels and vault maps discovered:
D:1:      minmay_arrival_five_plusses, layout_basic
D:2:      layout_loops_ring, old_standard_altar,
          chequers_temple_overflow_statue_of_worship, serial_park_tiny_pond,
          serial_bayou_pond_c, uniq_terence, uniq_jessica
D:3:      layout_loops_ring, lemuel_coloured_pillars_altar, uniq_natasha

Skill      XL: |  1  2  3  4 |
---------------+-------------+-----
Fighting       | 4 |  4.3
Armour         | 4 5 |  5.4
Shields        | 4 |  4.5
Long Blades    | 3 |  3.7
Dodging        | |  0.3

Action                   |  1- 3 |  4- 6 || total
-------------------------+-------+-------++-------
Melee: Long sword        |    76 |       ||    76
       Headbutt          |    12 |     9 ||    21
       Falchion          |    12 |    65 ||    77
  Use: Potion            |     2 |       ||     2
  Eat: Chunk             |       |     3 ||     3
Armor: Scale mail        |    16 |       ||    16
       Chain mail        |    28 |    10 ||    38
Dodge: Dodged            |    29 |    13 ||    42
Block: Shield            |    47 |    38 ||    85
       Rpst.: Long sword |     8 |       ||     8
       Falchion          |     1 |     3 ||     4
